 Dungeon Sprint DCSS version 0.21.1-1-g345015f (webtiles) character file.

43845 wojtek the Executioner (level 13, 0/135 HPs)
             Began as a Minotaur Berserker on Feb 7, 2018.
             Was the Champion of Trog.
             Slain by a ghost moth (8 damage)
             ... called by a spriggan druid
             ... in the Dungeon (Sprint III: "The Ten Rune Challenge").
             The game lasted 00:13:27 (6198 turns).

wojtek the Executioner (Minotaur Berserker)         Turns: 6198, Time: 00:13:28

Health: 0/135      AC: 20    Str: 26 (28) XL:     13   Next: 22%
Magic:  1/12       EV: 15    Int:  3 (4)  God:    Trog [******]
Gold:   4330       SH:  0    Dex:  9      Spells: 12/12 levels left

rFire    . . .     SeeInvis .   s - +4 broad axe "Gorahel" {speed, *Contam rN++}
rCold    . . .     Gourm    .   (no shield)
rNeg     + + .     Faith    .   v - +0 plate armour
rPois    .         Spirit   .   B - +2 hat
rElec    .         Reflect  .   (no cloak)
rCorr    .         Harm     .   (no gloves)
MR       .....     NoTele   +   (no boots)
Stlth    ..........             (no amulet)
HPRegen  0.32/turn              (no ring)
MPRegen  0.13/turn              (no ring)

@: lethally poisoned (0 -> -23), berserk cooldown, slowed, very slow
A: retaliatory headbutt, horns 2
}: 1/10 runes: serpentine
a: Berserk, Trog's Hand, Brothers in Arms, Burn Spellbooks, Renounce Religion


You were in the Dungeon.
You worshipped Trog.
Trog was exalted by your worship.
You were not hungry.

You visited 1 branch You collected 4330 gold pieces.

Inventory:

Hand Weapons
 a - a +3 antimagic executioner's axe
 b - a +7 battleaxe of venom
 s - the +4 broad axe "Gorahel" (weapon) {speed, *Contam rN++}
   (Trog gifted it to you in the Dungeon)

   Attacks with this weapon are significantly faster.
   It greatly protects you from negative energy.
   It causes magical contamination when unequipped.
 u - a +2 broad axe of venom
 w - the +1 battleaxe of Zyshruuh {flame, +Rage rN+ Int-5 Dex+7}
   (Trog gifted it to you in the Dungeon)

   It has been specially enchanted to burn those struck by it, causing extra
   injury to most foes and up to half again as much damage against particularly
   susceptible opponents.
   Big, fiery blades are also staple armaments of hydra-hunters.
   It affects your intelligence (-5).
   It affects your dexterity (+7).
   It protects you from negative energy.
   It lets you go berserk.
 x - a +3 battleaxe of electrocution
 z - a +2 battleaxe of flaming
 A - a +4 antimagic executioner's axe
 D - a +3 antimagic broad axe
 E - a +2 antimagic battleaxe
Missiles
 t - 7 tomahawks (quivered)
Armour
 v - a +0 plate armour (worn)
 y - a +0 chain mail of fire resistance
 B - a +2 hat (worn)
Wands
 j - a wand of flame (39)
 r - a wand of scattershot (6)
Scrolls
 i - a scroll of blinking
 l - a scroll of enchant armour {unknown}
 n - 2 scrolls of immolation {unknown}
 o - 2 scrolls of identify
 p - 3 scrolls of remove curse {unknown}
Potions
 e - a potion of heal wounds
 f - a potion of haste
 g - 4 potions of magic
 h - 2 potions of berserk rage
 m - 3 potions of mutation {unknown}
 q - a potion of flight {unknown}
 C - 4 potions of lignification {unknown}
Miscellaneous
 k - a box of beasts
Comestibles
 c - 20 rations
 d - 10 chunks of flesh


   Skills:
 + Level 18.3 Fighting
 * Level 24.1 Axes
 + Level 18.2 Armour
 + Level 16.9 Dodging


You had 12 spell levels left.
You didn't know any spells.

Dungeon Overview and Level Annotations

Branches:
Dungeon (1/1)

Altars:
Cheibriados
Dithmenos
Elyvilon
Fedhas
Gozag
Hepliaklqana
Kikubaaqudgha
Makhleb
Nemelex Xobeh
Okawaru
Qazlal
Ru
Sif Muna
Trog
Uskayaw
Vehumet
Wu Jian
Xom
Yredelemnul
Zin
The Shining One
Beogh
Jiyva
Lugonu

Shops:
D ?(=(


Innate Abilities, Weirdness & Mutations

You reflexively headbutt those who attack you in melee.
You have a pair of horns on your head.


Message History

* * * LOW HITPOINT WARNING * * *
Something hits you but does no damage.
Something stings you but does no damage.
You miss something.
* * * LOW HITPOINT WARNING * * *
You feel sick.
You feel you are being watched by something.
Something hits you.
* * * LOW HITPOINT WARNING * * *
Something hits you but does no damage.
Something stings you but does no damage.
Your cyclops goes berserk!
You feel somewhat more hungry.
* * * LOW HITPOINT WARNING * * *
You feel very sick. Something hits you.
* * * LOW HITPOINT WARNING * * *
You feel weakened. Something hits you but does no damage. Something stings you!
You die...

♣♣♣♣♣♣♣#..♣♣ ♣♣♣##+## ♣
###†♣♣♣♣♣♣♣♣♣♣♣♣♣♣♣ ##♣
♣♣♣♣.##..##≈≈≈≈≈≈..#
.[♣♣
♣...##.##.#≈≈≈≈≈§..#
##'♣
♣♣.##.##)##÷≈≈≈≈§####+#
)..♣
♣..#.##...#≈≈..§§.§§§#
####♣♣
♣♣.##.##..#≈())#######
.....♣
♣♣.##.#####C..#......#
.....♣
♣.....##.@{...#♣♣♣._.#
#'#############+######
#####
#...........##▓≈≈≈≈≈≈≈≈
#............#▓≈≈≈≈≈≈≈≈
###########(.#▓≈≈≈..≈≈≈
##........÷÷.#▓≈≈....≈≈
#...........##▓≈≈≈..≈≈≈
#..########## ▓≈≈≈≈≈≈≈≈
#...........##▓≈≈≈≈≈≈≈≈


You could see a friendly cyclops (berserk).

Vanquished Creatures
  Rupert (D)
  Gastronok (D)
  Polyphemus (D)
  A nagaraja (D)
  2 dire elephants (D)
  Erolcha (D)
  A naga warrior (D)
  2 hydras (D)
  4 anacondas (D)
  4 death yaks (D)
  An orc high priest (D)
  Urug (D)
  A spriggan druid (D)
  A death drake (D)
  A lindwurm (D)
  A deep elf mage (D)
  2 elephants (D)
  7 black mambas (D)
  A guardian serpent (D)
  2 spiny frogs (D)
  A rime drake (D)
  A komodo dragon (D)
  A queen bee (D)
  2 tyrant leeches (D)
  8 blink frogs (D)
  3 dream sheep (D)
  A shadow (D)
  4 redbacks (D)
  2 spriggans (D)
  2 nagas (D)
  A spatial vortex (D)
  5 water moccasins (D)
  A swamp drake (D)
  A necrophage (D)
  5 two-headed ogres (D)
  3 wandering mushrooms (D)
  A water elemental (D)
  32 killer bees (D)
  A jelly (D)
  A wizard (D)
  Jessica (D)
  A necromancer (D)
  3 humans (D)
  A kobold demonologist (D)
  5 adders (D)
  A phantom (D)
  An orc (D)
  3 rats (D)
128 creatures vanquished.

Vanquished Creatures (collateral kills)
  4 orc warriors (D)
  An orc wizard (D)
  11 orcs (D)
16 creatures vanquished.

Vanquished Creatures (others)
  2 draconian scorchers (D)
  6 hellions (D)
  3 yaktaurs (D)
  An electric eel (D)
  10 plants (D)
22 creatures vanquished.

Grand Total: 166 creatures vanquished

Notes
Turn   | Place    | Note
-------+----------+-------------------------------------------
     0 | D        | wojtek the Minotaur Berserker began the quest for the Orb.
     0 | D        | Reached XP level 1. HP: 19/19 MP: 0/0
     6 | D        | Reached skill level 4 in Axes
    11 | D        | Noticed Jessica
    14 | D        | Reached ** piety under Trog
    19 | D        | Killed Jessica
    19 | D        | Reached skill level 5 in Axes
    19 | D        | Reached XP level 2. HP: 3/28 MP: 1/1
    52 | D        | Killed a yaktaur
    64 | D        | Killed a hellion
    76 | D        | Killed a hellion
    96 | D        | Killed a hellion
    99 | D        | Killed a hellion
   159 | D        | Killed a hellion
   197 | D        | Killed a hellion
   208 | D        | Killed a white draconian scorcher
   312 | D        | Killed a white draconian scorcher
   319 | D        | Reached XP level 3. HP: 25/35 MP: 2/2
   418 | D        | Reached *** piety under Trog
   418 | D        | Reached skill level 5 in Fighting
   418 | D        | Reached skill level 6 in Axes
   553 | D        | Killed a yaktaur
   647 | D        | Noticed a water elemental
   652 | D        | Killed a water elemental
   652 | D        | Reached skill level 7 in Axes
   652 | D        | Reached skill level 5 in Armour
   652 | D        | Reached XP level 4. HP: 13/44 MP: 3/3
   910 | D        | Found a radiant altar of Vehumet.
   911 | D        | Found a deep blue altar of Sif Muna.
   911 | D        | Found an ancient bone altar of Kikubaaqudgha.
   911 | D        | Noticed a wizard
   913 | D        | Killed a wizard
   913 | D        | Reached skill level 8 in Axes
   913 | D        | Reached skill level 5 in Dodging
   916 | D        | Reached **** piety under Trog
   916 | D        | Reached XP level 5. HP: 51/51 MP: 4/4
   993 | D        | Found a glowing silver altar of Zin.
   994 | D        | Found a glowing golden altar of the Shining One.
   994 | D        | Found a white marble altar of Elyvilon.
   994 | D        | Noticed a deep elf mage
  1005 | D        | Killed a deep elf mage
  1005 | D        | Reached skill level 11 in Axes
  1005 | D        | Reached XP level 6. HP: 38/62 MP: 5/5
  1005 | D        | Reached XP level 7. HP: 42/69 MP: 6/6
  1124 | D        | Found a hide-covered altar of Uskayaw.
  1124 | D        | Found an iron altar of Okawaru.
  1125 | D        | Found a roughly hewn altar of Beogh.
  1125 | D        | Found a bloodstained altar of Trog.
  1125 | D        | Found an ornate altar of the Wu Jian Council.
  1125 | D        | Noticed a human
  1125 | D        | Noticed a human
  1129 | D        | Killed a human
  1129 | D        | Reached ***** piety under Trog
  1129 | D        | Reached skill level 12 in Axes
  1134 | D        | Killed a human
  1230 | D        | Found a shadowy altar of Dithmenos.
  1236 | D        | Reached skill level 13 in Axes
  1237 | D        | Found a basalt altar of Yredelemnul.
  1237 | D        | Found a sacrificial altar of Ru.
  1397 | D        | Noticed a shadow
  1402 | D        | Reached skill level 10 in Fighting
  1416 | D        | Killed a shadow
  1416 | D        | Reached XP level 8. HP: 24/79 MP: 7/7
  1655 | D        | Found a blossoming altar of Fedhas.
  1655 | D        | Found a stormy altar of Qazlal.
  1656 | D        | Found a snail-covered altar of Cheibriados.
  1656 | D        | Found a burning altar of Makhleb.
  1656 | D        | Found a hazy altar of Hepliaklqana.
  1656 | D        | Found a shimmering altar of Xom.
  1656 | D        | Found an opulent altar of Gozag.
  1656 | D        | Found a sparkling altar of Nemelex Xobeh.
  1656 | D        | Found a corrupted altar of Lugonu.
  1656 | D        | Found a viscous altar of Jiyva.
  1673 | D        | Reached skill level 10 in Armour
  1776 | D        | Reached ****** piety under Trog
  1776 | D        | Received a gift from Trog
  1776 | D        | Reached skill level 14 in Axes
  1963 | D        | Noticed a two-headed ogre
  1974 | D        | Killed a two-headed ogre
  2229 | D        | Noticed a two-headed ogre
  2229 | D        | Noticed Erolcha
  2235 | D        | Killed Erolcha
  2235 | D        | Reached skill level 15 in Axes
  2235 | D        | Reached skill level 10 in Dodging
  2235 | D        | Reached XP level 9. HP: 90/90 MP: 8/8
  2241 | D        | Killed a two-headed ogre
  2321 | D        | Found Voorie's Antique Weapon Boutique.
  2325 | D        | Noticed an orc high priest
  2335 | D        | Reached skill level 16 in Axes
  2340 | D        | Received a gift from Trog
  2349 | D        | Killed an orc high priest
  2352 | D        | Received a gift from Trog
  2515 | D        | Noticed a queen bee
  2525 | D        | Reached XP level 10. HP: 86/100 MP: 3/9
  2529 | D        | Received a gift from Trog
  2534 | D        | Reached skill level 17 in Axes
  2539 | D        | Received a gift from Trog
  2546 | D        | Got a scorched battleaxe {god gift}
  2547 | D        | Lost intelligence.
  2547 | D        | Identified the +1 battleaxe of Zyshruuh {flame, +Rage rN+ Int-5 Dex+7} (Trog gifted it to you in the Dungeon)
  2924 | D        | Received a gift from Trog
  2930 | D        | Received a gift from Trog
  3176 | D        | Received a gift from Trog
  3182 | D        | Got a jewelled broad axe {god gift}
  3183 | D        | Identified the +4 broad axe "Gorahel" {speed, *Contam rN++} (Trog gifted it to you in the Dungeon)
  3310 | D        | Reached skill level 18 in Axes
  3359 | D        | Noticed a spiny frog
  3359 | D        | Noticed a spiny frog
  3365 | D        | Killed a spiny frog
  3384 | D        | Killed a spiny frog
  3781 | D        | Reached skill level 19 in Axes
  3781 | D        | Reached XP level 11. HP: 98/111 MP: 10/10
  3810 | D        | Noticed Rupert
  3821 | D        | Killed Rupert
  3938 | D        | Noticed a dire elephant
  3953 | D        | Received a gift from Trog
  3965 | D        | Killed a dire elephant
  3965 | D        | Reached skill level 15 in Fighting
  3965 | D        | Reached skill level 20 in Axes
  4143 | D        | Noticed a dire elephant
  4143 | D        | Noticed Gastronok
  4163 | D        | Killed a dire elephant
  4163 | D        | Reached skill level 15 in Armour
  4188 | D        | Killed Gastronok
  4217 | D        | Noticed an azure jelly
  4217 | D        | Noticed an azure jelly
  4217 | D        | Noticed an azure jelly
  4219 | D        | Noticed an azure jelly
  4261 | D        | Noticed a death yak
  4262 | D        | Noticed a death yak
  4276 | D        | Killed a death yak
  4276 | D        | Received a gift from Trog
  4434 | D        | Reached skill level 21 in Axes
  4438 | D        | Noticed a death yak
  4446 | D        | Noticed a death yak
  4447 | D        | Killed a death yak
  4452 | D        | Reached XP level 12. HP: 101/122 MP: 11/11
  4537 | D        | Killed a death yak
  4543 | D        | Killed a death yak
  4543 | D        | Reached skill level 15 in Dodging
  4548 | D        | Received a gift from Trog
  4600 | D        | Noticed an anaconda
  4607 | D        | Killed an anaconda
  4608 | D        | Noticed an anaconda
  4609 | D        | Noticed an anaconda
  4615 | D        | Killed an anaconda
  4621 | D        | Killed an anaconda
  4621 | D        | Reached skill level 22 in Axes
  4682 | D        | Noticed an anaconda
  4691 | D        | Killed an anaconda
  4691 | D        | Received a gift from Trog
  4785 | D        | Received a gift from Trog
  4835 | D        | Noticed a nagaraja
  4837 | D        | Noticed a naga warrior
  4840 | D        | Found Ezuru's Magic Scroll Boutique.
  4840 | D        | Found Loadghorgh's Antique Weapon Emporium.
  4846 | D        | Killed a naga warrior
  4846 | D        | Received a gift from Trog
  4851 | D        | Killed a nagaraja
  4851 | D        | Reached skill level 23 in Axes
  5063 | D        | Found Fiepan's Jewellery Shop.
  5082 | D        | Got a serpentine rune of Zot
  5225 | D        | Received a gift from Trog
  5508 | D        | Noticed Urug
  5519 | D        | Killed Urug
  5595 | D        | Noticed a six-headed hydra
  5595 | D        | Noticed an eight-headed hydra
  5604 | D        | Killed a 12-headed hydra
  5604 | D        | Reached XP level 13. HP: 119/134 MP: 12/12
  6130 | D        | Found a blossoming altar of Fedhas.
  6130 | D        | Paralysed by a spriggan for 5 turns
  6138 | D        | Received a gift from Trog
  6164 | D        | Noticed Polyphemus
  6179 | D        | Killed Polyphemus
  6179 | D        | Reached skill level 24 in Axes
  6181 | D        | Received a gift from Trog
  6198 | D        | Slain by a ghost moth

Skill      XL: |  1  2  3  4  5  6  7  8  9 10 11 12 13 |
---------------+----------------------------------------+-----
Axes           | 5 7 8 11 13 15 16 19 21 23 24 | 24.1
Fighting       | 4 6 8 10 11 12 14 16 17 18 | 18.3
Armour         | 4 5 6 8 9 11 12 14 16 17 18 | 18.2
Dodging        | 3 4 5 7 9 10 11 13 14 16 | 16.9

Action                   |  1- 3 |  4- 6 |  7- 9 | 10-12 | 13-15 || total
-------------------------+-------+-------+-------+-------+-------++-------
Melee: Hand axe          |    29 |     4 |    76 |    18 |       ||   127
       Headbutt          |     7 |     2 |    27 |    70 |     8 ||   114
       Executioner's axe |       |       |    22 |    37 |       ||    59
       Broad axe         |       |       |       |   246 |    36 ||   282
       Battleaxe         |       |       |       |     7 |       ||     7
Invok: Berserk           |     1 |     1 |     2 |     1 |     1 ||     6
       Burn Spellbooks   |       |     1 |       |       |       ||     1
       Brothers in Arms  |       |       |     1 |     1 |     2 ||     4
  Use: Potion            |       |       |       |     1 |     2 ||     3
 Stab: Confused          |       |       |       |     2 |       ||     2
       Distracted        |       |       |       |     1 |       ||     1
  Eat: Ration            |       |     1 |     1 |     1 |     1 ||     4
       Chunk             |       |       |     2 |     8 |       ||    10
Armor: Animal skin       |     1 |     1 |     1 |       |       ||     3
       Plate armour      |       |       |     6 |   127 |    26 ||   159
Dodge: Dodged            |    15 |     3 |    57 |   154 |    18 ||   247
